[Event "Titled Tuesday Blitz August 31 2021"]
[White "Kovalev, Vladislav"]
[Black "Grachev, Boris"]
[WhiteFideId "13504398"]
[BlackFideId "4129199"]
[WhiteElo "2573"]
[BlackElo "2580"]
[Result "1/2-1/2"]
[Round "08"]
[TimeControl "180+1"]
[Date "2021.08.31"]
[WhiteClock "0:00:23"]
[BlackClock "0:00:42"]

1. e4 c5 2. Be2 Nc6 3. d3 g6 4. f4 Bg7 5. Nf3 d6 6. O-O Nd4 7. Nxd4 cxd4 8. Nd2 e6 9. Nf3 Ne7 10. Kh1 O-O 11. Bd2 Bd7 12. c3 Nc6 13. c4 f5 14. exf5 gxf5 15. b4 Kh8 16. b5 Ne7 17. Bb4 Qc7 18. a4 a5 19. Ba3 b6 20. Qd2 Rae8 21. Rae1 Ng6 22. Ng5 Bc8 23. Bf3 h6 24. Bh5 hxg5 25. Bxg6 g4 26. Qf2 Bf6 27. Bxe8 Rxe8 28. Re2 Kg7 29. Rfe1 Kf7 30. Bb2 Qc5 31. Ra1 Rh8 32. Ba3 Qc7 33. Kg1 Kg6 34. Bb2 Qc5 35. Ba3 Qc7 36. Rae1 Kf7 37. Ra1 Kg6 1/2-1/2


[Site "https://www.chess.com"]

[Event "Titled Tuesday Blitz August 31 2021"]
[White "Kozak, Antoni"]
[Black "Srihari L R"]
[WhiteFideId "21832030"]
[BlackFideId "46617116"]
[WhiteElo "2289"]
[BlackElo "2121"]
[Result "1-0"]
[Round "08"]
[TimeControl "180+1"]
[Date "2021.08.31"]
[WhiteClock "0:00:19"]
[BlackClock "0:00:14"]

1. d4 d6 2. Nf3 g6 3. Bf4 Bg7 4. e3 Nf6 5. h3 O-O 6. c4 c5 7. Nc3 Nc6 8. d5 Na5 9. Be2 a6 10. O-O b5 11. cxb5 axb5 12. Bxb5 Ba6 13. Bxa6 Rxa6 14. a4 Qa8 15. e4 Rb8 16. Nb5 Nxe4 17. Nc7 Qa7 18. Nxa6 Qxa6 19. Re1 f5 20. Ng5 Rb4 21. Nxe4 fxe4 22. Qg4 Bf6 23. Bh6 Nb3 24. Ra3 Kf7 25. Rxe4 Nd4 26. Rae3 Nf5 27. Rxb4 cxb4 28. Qf4 Nxe3 29. Qxe3 Qxa4 30. Qe6+ Ke8 31. Qc8+ Kf7 32. Qf8# 1-0


[Site "https://www.chess.com"]

[Event "Titled Tuesday Blitz August 31 2021"]
[White "Krivonosov, Oleg"]
[Black "Danielian, Vardan"]
[WhiteFideId "11600349"]
[BlackFideId "13301594"]
[WhiteElo "2469"]
[BlackElo "2522"]
[Result "1-0"]
[Round "08"]
[TimeControl "180+1"]
[Date "2021.08.31"]
[WhiteClock "0:00:22"]
[BlackClock "0:00:01"]

1. Nf3 Nf6 2. c4 g6 3. Nc3 Bg7 4. e4 d6 5. d4 O-O 6. Be2 c5 7. O-O Bg4 8. Be3 cxd4 9. Nxd4 Bxe2 10. Qxe2 Nc6 11. Rfd1 Nxd4 12. Bxd4 Rc8 13. b3 a6 14. Rac1 Nd7 15. Qd2 Bxd4 16. Qxd4 Qb6 17. Nd5 Qd8 18. h3 Ne5 19. f4 Nc6 20. Qb2 f5 21. exf5 Rxf5 22. Re1 e5 23. Rf1 exf4 24. Rxf4 Rxf4 25. Nxf4 Qg5 26. Rf1 Rf8 27. Qd2 Qc5+ 28. Rf2 Ne5 29. Qd5+ Qxd5 30. Nxd5 Rxf2 31. Kxf2 Nd3+ 32. Ke3 Ne5 33. Nf6+ Kf7 34. Nxh7 Nc6 35. Ng5+ Kf6 36. Nf3 Nb4 37. a4 d5 38. cxd5 Nxd5+ 39. Ke4 Nc3+ 40. Kd4 Ne2+ 41. Kc5 Nc1 42. b4 Nd3+ 43. Kc4 Nb2+ 44. Kb3 Nd3 45. g4 Nf2 46. Kc4 Nxh3 47. Kc5 Nf2 48. Kb6 Nd3 49. b5 axb5 50. axb5 Ke6 51. Kxb7 Kd5 52. b6 Ke4 53. Nh4 1-0


[Site "https://www.chess.com"]

[Event "Titled Tuesday Blitz August 31 2021"]
[White "Kuzubov, Yuriy"]
[Black "Karttunen, Mika"]
[WhiteFideId "14112906"]
[BlackFideId "502081"]
[WhiteElo "2564"]
[BlackElo "2343"]
[Result "1-0"]
[Round "08"]
[TimeControl "180+1"]
[Date "2021.08.31"]
[WhiteClock "0:01:07"]
[BlackClock "0:00:01"]

1. e4 c5 2. Nf3 d6 3. c3 Nf6 4. h3 e5 5. Bb5+ Nc6 6. O-O Bd7 7. d4 Qc7 8. d5 Nd8 9. Bxd7+ Nxd7 10. a4 Be7 11. Na3 O-O 12. Nc4 f5 13. exf5 Rxf5 14. Nfd2 Nf6 15. Ne3 Rg5 16. f3 Nf7 17. Ne4 Nxe4 18. fxe4 Rg6 19. Nf5 Bg5 20. Qh5 Bxc1 21. Raxc1 Nh6 22. Nh4 Rg3 23. Kh2 Rd3 24. Rf2 Rf8 25. Rxf8+ Kxf8 26. Rf1+ Ke7 27. Nf5+ Nxf5 28. Qxf5 Qd7 29. Qf8# 1-0


[Site "https://www.chess.com"]

[Event "Titled Tuesday Blitz August 31 2021"]
[White "Leenhouts, Koen"]
[Black "Ozen, Bahadir"]
[WhiteFideId "1008439"]
[BlackFideId "6337058"]
[WhiteElo "2504"]
[BlackElo "2690"]
[Result "1/2-1/2"]
[Round "08"]
[TimeControl "180+1"]
[Date "2021.08.31"]
[WhiteClock "0:00:11"]
[BlackClock "0:00:51"]

1. d4 b6 2. e4 Bb7 3. Bd3 d6 4. Nf3 Nd7 5. O-O e5 6. c3 Ngf6 7. Qe2 a6 8. Re1 g6 9. Nbd2 Bg7 10. b3 O-O 11. Ba3 Re8 12. Rad1 Nh5 13. g3 Nhf6 14. dxe5 dxe5 15. Nc4 Qb8 16. Bc2 a5 17. Bc1 Ba6 18. Bd3 Qa7 19. Be3 Ng4 20. h3 Nxe3 21. Nxe3 Bxd3 22. Qxd3 Nc5 23. Qc4 c6 24. b4 axb4 25. cxb4 Ne6 26. Qxc6 Qxa2 27. Nd5 Qa7 28. Qxb6 Qxb6 29. Nxb6 Rab8 30. Nd5 Rb7 31. Rc1 Rd8 32. Rc6 Nd4 33. Nxd4 exd4 34. Kg2 Bf8 35. Rd1 Bg7 36. Rc7 Rxc7 37. Nxc7 Rb8 38. Nd5 f5 39. exf5 gxf5 40. Kf3 Kf7 41. Rc1 Be5 42. Rc6 Ra8 43. b5 Ra3+ 44. Kg2 d3 45. Rc1 Rb3 46. Rd1 Ke6 47. Ne3 f4 48. gxf4 Bxf4 49. b6 Bxe3 50. fxe3 Ke5 51. Kf3 Rxb6 52. Rxd3 Rh6 53. Kg3 Ke4 54. Rd8 Rg6+ 55. Kh4 Rh6+ 56. Kg4 Kxe3 57. Rf8 Ke4 58. h4 Ke5 59. Kg5 Rg6+ 60. Kh5 Rf6 61. Rxf6 Kxf6 62. Kh6 Kf7 63. Kxh7 Kf8 64. h5 Kf7 65. h6 Kf8 66. Kh8 Kf7 67. h7 Kf8 1/2-1/2


[Site "https://www.chess.com"]

[Event "Titled Tuesday Blitz August 31 2021"]
[White "Leitao, Rafael"]
[Black "Perera Alfonso, Rene Humberto"]
[WhiteFideId "2101246"]
[BlackFideId "3514722"]
[WhiteElo "2701"]
[BlackElo "2514"]
[Result "1-0"]
[Round "08"]
[TimeControl "180+1"]
[Date "2021.08.31"]
[WhiteClock "0:00:44"]
[BlackClock "0:00:46"]

1. c4 e5 2. Nc3 Nc6 3. Nf3 f5 4. d4 e4 5. d5 exf3 6. dxc6 bxc6 7. gxf3 Nf6 8. Bf4 Be7 9. Rg1 O-O 10. Qd2 d6 11. O-O-O Rb8 12. e4 Be6 13. Bd3 Qd7 14. Rg5 fxe4 15. fxe4 Rb4 16. Rdg1 Rf7 17. b3 a5 18. e5 dxe5 19. Bxe5 a4 20. Ne4 Ne8 21. Rxg7+ Nxg7 22. Qh6 Bd8 23. Nc5 1-0


[Site "https://www.chess.com"]

[Event "Titled Tuesday Blitz August 31 2021"]
[White "Maiorov, Nikita"]
[Black "Fier, Alexandr"]
[WhiteFideId "13501720"]
[BlackFideId "2107139"]
[WhiteElo "2440"]
[BlackElo "2569"]
[Result "1-0"]
[Round "08"]
[TimeControl "180+1"]
[Date "2021.08.31"]
[WhiteClock "0:01:16"]
[BlackClock "0:01:52"]

1. d4 Nf6 2. c4 c5 3. d5 e6 4. Nc3 exd5 5. cxd5 d6 6. g3 g6 7. Bg2 Bg7 8. Nf3 O-O 9. O-O Re8 10. Re1 a6 11. a4 b6 12. h3 Ra7 13. Nd2 Rae7 14. Nc4 Ne4 15. Nxe4 Rxe4 16. Bxe4 Rxe4 17. Qb3 Bxh3 18. Qxb6 Qxb6 19. Nxb6 Rb4 20. a5 Bf5 21. f3 Bc2 22. Ra3 c4 23. Bd2 Rxb2 24. Nxc4 Rb5 25. e4 Bd4+ 26. Be3 Bf6 27. Nxd6 Rb4 28. Rc1 Bb2 29. Rxc2 Bxa3 30. Rc8+ Kg7 31. Ne8+ Kf8 32. Bc5+ 1-0


[Site "https://www.chess.com"]

[Event "Titled Tuesday Blitz August 31 2021"]
[White "Maly, Alexey"]
[Black "Poormosavi, Seyed Kian"]
[WhiteFideId "14103184"]
[BlackFideId "12585807"]
[WhiteElo "2250"]
[BlackElo "2134"]
[Result "1-0"]
[Round "08"]
[TimeControl "180+1"]
[Date "2021.08.31"]
[WhiteClock "0:00:42"]
[BlackClock "0:01:36"]

1. d4 Nf6 2. c4 b6 3. Nf3 Bb7 4. g3 e6 5. Bg2 Bb4+ 6. Nbd2 O-O 7. O-O Re8 8. b3 Bf8 9. Bb2 d6 10. Qc1 Nbd7 11. Qc2 e5 12. e4 exd4 13. Nxd4 g6 14. Rfe1 Bg7 15. Rad1 a5 16. h3 Nc5 17. Kh2 a4 18. Bc3 axb3 19. axb3 Nfd7 20. Nf1 Ne6 21. Ne3 Nxd4 22. Bxd4 Bxd4 23. Rxd4 Qf6 24. Rd2 Nc5 25. Rdd1 Ra3 26. e5 dxe5 27. Bxb7 Nxb7 28. Nd5 Qf3 29. Re3 Ra2 30. Qxa2 Qxd1 31. Nf6+ Kf8 32. Nxe8 Kxe8 33. Rxe5+ Kf8 34. Qa8+ 1-0


[Site "https://www.chess.com"]

[Event "Titled Tuesday Blitz August 31 2021"]
[White "Mekhitarian, Krikor Sevag"]
[Black "Shuvalov, Evgenij"]
[WhiteFideId "2107660"]
[BlackFideId "4187237"]
[WhiteElo "2598"]
[BlackElo "2163"]
[Result "1-0"]
[Round "08"]
[TimeControl "180+1"]
[Date "2021.08.31"]
[WhiteClock "0:00:03"]
[BlackClock "0:00:11"]

1. d4 Nf6 2. Nf3 g6 3. Nbd2 d5 4. e3 Bg7 5. b4 O-O 6. c4 a5 7. b5 c5 8. bxc6 Nxc6 9. Bb2 Bf5 10. Be2 Nb4 11. O-O dxc4 12. Nxc4 Rc8 13. a3 Nbd5 14. Rc1 b5 15. Nce5 b4 16. axb4 axb4 17. Qb3 Be6 18. Bc4 Qd6 19. Ng5 Bf5 20. e4 Bh6 21. Ngxf7 Rxf7 22. Bxd5 Nxd5 23. Rxc8+ Bxc8 24. Nxf7 Kxf7 25. Qxd5+ Qxd5 26. exd5 Bb7 27. d6 exd6 28. Ra1 Be4 29. Ra7+ Ke6 30. Rxh7 Bd2 31. f3 Bd3 32. Kf2 Kd5 33. h4 Kc4 34. Ra7 Kb3 35. Ba1 Bc3 36. Bxc3 bxc3 37. Ke3 Bc4 38. g4 Kb2 39. Rc7 Bb3 40. h5 gxh5 41. gxh5 c2 42. Kd2 d5 43. Rc3 c1=Q+ 44. Rxc1 1-0


[Site "https://www.chess.com"]

[Event "Titled Tuesday Blitz August 31 2021"]
[White "Milchev, Nikolay"]
[Black "Tarigan, Gilbert Elroy"]
[WhiteFideId "2906090"]
[BlackFideId "7108133"]
[WhiteElo "2449"]
[BlackElo "1908"]
[Result "1-0"]
[Round "08"]
[TimeControl "180+1"]
[Date "2021.08.31"]
[WhiteClock "0:00:55"]
[BlackClock "0:00:02"]

1. Nf3 e6 2. c4 h6 3. g3 Nf6 4. Bg2 d5 5. O-O Be7 6. d4 dxc4 7. Qa4+ Bd7 8. Qxc4 Bc6 9. Nc3 O-O 10. Re1 Ne4 11. Ne5 Nd6 12. Nxc6 Nxc6 13. Qd3 Nb4 14. Qd1 a5 15. a3 Na6 16. Bf4 c6 17. e4 Nc4 18. Rb1 Bf6 19. e5 Bg5 20. Bxg5 Qxg5 21. f4 Qd8 22. Qd3 Nb6 23. b4 axb4 24. axb4 Nd5 25. b5 Nab4 26. Qd2 Nxc3 27. Qxc3 Nd5 28. Qb3 Qb6 29. bxc6 Qxd4+ 30. Kh1 bxc6 31. Rec1 Rfc8 32. Rd1 Qf2 33. Rf1 Qa7 34. Rbc1 Rab8 35. Qf3 Ne3 36. Qf2 Ra8 37. Rfe1 Nxg2 38. Qxg2 c5 39. Rc4 Qa6 40. Rec1 Qxc4 41. Rxc4 Ra1+ 42. Qg1 Rxg1+ 43. Kxg1 Kf8 44. Kf2 Ke7 45. Ke3 Kd7 46. Ra4 Kc6 47. Ra7 Rc7 48. Ra8 h5 49. Kd3 Rb7 50. Kc4 Rb4+ 51. Kc3 Rb7 52. Kc4 Rb2 53. Rc8+ Kd7 54. Rf8 Ke7 55. Rg8 Rc2+ 56. Kd3 Rxh2 57. Rxg7 Rh3 58. Kc4 Kf8 59. Rg5 h4 60. g4 Rf3 61. f5 h3 62. f6 h2 63. Rh5 Kg8 64. Rxh2 Re3 65. Rh5 Re4+ 66. Kxc5 Rxg4 67. Kd6 Rd4+ 68. Ke7 Ra4 69. Rg5+ Kh7 70. Kxf7 Ra6 71. Ke7 Kh6 72. Rg2 1-0


[Site "https://www.chess.com"]

[Event "Titled Tuesday Blitz August 31 2021"]
[White "Mirzoev, Azer"]
[Black "Isajevsky, Anton"]
[WhiteFideId "13400304"]
[BlackFideId "4142500"]
[WhiteElo "2525"]
[BlackElo "2510"]
[Result "0-1"]
[Round "08"]
[TimeControl "180+1"]
[Date "2021.08.31"]
[WhiteClock "0:00:20"]
[BlackClock "0:00:01"]

1. c4 c5 2. Nc3 g6 3. g3 Bg7 4. Bg2 Nc6 5. a3 d6 6. Rb1 Bf5 7. d3 Qc8 8. h4 Nf6 9. Bd2 O-O 10. b4 Rb8 11. Nh3 Nd4 12. Nf4 Bg4 13. Qa4 a6 14. bxc5 dxc5 15. Be3 b5 16. Qd1 bxc4 17. dxc4 Rxb1 18. Nxb1 e5 19. Nd5 Nxd5 20. cxd5 Bxe2 21. Qc1 Bf3 22. Bxf3 Nxf3+ 23. Kf1 e4 24. Nd2 Nxd2+ 25. Qxd2 Rd8 26. Kg2 Bd4 27. Bxd4 Rxd5 28. Rc1 Qd7 29. Qf4 cxd4 30. Qxe4 d3 31. Rd1 d2 32. Qe3 Rd3 33. Qe2 Qd5+ 34. Kg1 a5 35. a4 h5 36. Qe8+ Kg7 37. Qe2 Rd4 38. Kh2 Qd6 39. Kg1 Qd5 40. Kh2 Rxa4 41. Rxd2 Rd4 42. Ra2 a4 43. Ra3 Rd1 44. Qe3 Qh1# 0-1


[Site "https://www.chess.com"]

[Event "Titled Tuesday Blitz August 31 2021"]
[White "Molina, Roberto Junio Brito"]
[Black "Martinovsky, Ian"]
[WhiteFideId "2109450"]
[BlackFideId "2603314"]
[WhiteElo "2402"]
[BlackElo "2243"]
[Result "0-1"]
[Round "08"]
[TimeControl "180+1"]
[Date "2021.08.31"]
[WhiteClock "0:00:02"]
[BlackClock "0:00:32"]

1. e4 d5 2. exd5 Qxd5 3. Nc3 Qd6 4. d4 Nf6 5. g3 Nc6 6. Nge2 e5 7. d5 Nb4 8. Bg2 Bf5 9. O-O Bxc2 10. Qd2 Bg6 11. f4 Nc2 12. Rb1 Ng4 13. f5 Qb6+ 14. Kh1 Nce3 15. fxg6 hxg6 16. h3 Nxf1 17. Bxf1 Qf2 18. Ng1 Bc5 19. Qxf2 Bxf2 20. Kg2 Bxg1 21. Kxg1 Nh6 22. g4 f5 23. Be2 O-O-O 24. Bg5 Rdf8 25. Rc1 Nf7 26. Be3 Rxh3 27. Bxa7 Rfh8 28. Kf2 Rh2+ 29. Ke1 b6 30. Ba6+ Kd7 31. Bb5+ Kd8 32. Bf1 Ng5 33. Kd1 Nf3 34. Be2 Nd4 35. d6 c5 36. Bxb6+ Kd7 37. Bxc5 Rg2 38. gxf5 Nxe2 39. Nxe2 Rh1+ 40. Ng1 Rgxg1+ 41. Bxg1 Rxg1+ 42. Kd2 Rxc1 43. Kxc1 gxf5 44. b4 Kxd6 45. a4 Kc6 46. a5 Kb5 47. Kd2 g5 48. Ke3 g4 49. Ke2 f4 50. Ke1 e4 51. Kf2 e3+ 52. Ke2 Ka6 53. Kd3 g3 0-1


[Site "https://www.chess.com"]

[Event "Titled Tuesday Blitz August 31 2021"]
[White "Mortazavi, Ali"]
[Black "Shishkov, Andrei"]
[WhiteFideId "401323"]
[BlackFideId "4500563"]
[WhiteElo "2339"]
[BlackElo "2322"]
[Result "0-1"]
[Round "08"]
[TimeControl "180+1"]
[Date "2021.08.31"]
[WhiteClock "0:00:22"]
[BlackClock "0:00:09"]

1. Nf3 Nf6 2. g3 b5 3. Bg2 Bb7 4. O-O e6 5. c3 c5 6. a4 b4 7. d4 cxd4 8. cxd4 Be7 9. Nbd2 O-O 10. Nb3 d6 11. a5 a6 12. Ne1 Bxg2 13. Kxg2 Nc6 14. Nd3 Qb8 15. Bg5 h6 16. Bxf6 Bxf6 17. e3 Qb5 18. f3 Rfc8 19. Rf2 Rc7 20. Rc1 Rac8 21. Rfc2 Bd8 22. Qd2 Nxa5 23. Nxa5 Rxc2 24. Rxc2 Rxc2 25. Qxc2 Bxa5 26. Qc8+ Kh7 27. Nf4 g5 28. Qc2+ Kg8 29. Qc8+ Kh7 30. Qc2+ Kg8 31. Nh5 b3 32. Qc8+ Kh7 33. Nf6+ Kg6 34. Ne4 Qe2+ 35. Nf2 Be1 36. Qg8+ Kf6 37. Qd8+ Kg7 38. Qxd6 Qxf2+ 39. Kh3 Qxe3 40. Kg4 f5+ 41. Kh3 Kg6 42. Qf8 g4+ 43. fxg4 fxg4+ 44. Kxg4 Qg5+ 45. Kh3 Qf5+ 46. Qxf5+ Kxf5 47. Kh4 Bd2 48. Kh5 Ke4 49. g4 Kxd4 50. h4 e5 51. g5 hxg5 52. hxg5 Bxg5 53. Kxg5 e4 0-1


[Site "https://www.chess.com"]

[Event "Titled Tuesday Blitz August 31 2021"]
[White "Murzin, Volodar"]
[Black "Zubov, Alexander"]
[WhiteFideId "44155573"]
[BlackFideId "14109409"]
[WhiteElo "2541"]
[BlackElo "2740"]
[Result "1-0"]
[Round "08"]
[TimeControl "180+1"]
[Date "2021.08.31"]
[WhiteClock "0:00:15"]
[BlackClock "0:00:01"]

1. d4 Nf6 2. Nf3 g6 3. Bg5 Bg7 4. Nbd2 d6 5. c3 h6 6. Bh4 g5 7. Bg3 Nh5 8. e4 Nd7 9. Bc4 e6 10. Qe2 Qe7 11. O-O-O a6 12. h4 Nxg3 13. fxg3 g4 14. Nh2 h5 15. Nhf1 b5 16. Bb3 c5 17. e5 dxe5 18. d5 c4 19. dxe6 cxb3 20. exd7+ Bxd7 21. axb3 b4 22. c4 f5 23. Ne3 O-O 24. Rhf1 Be6 25. Rf2 a5 26. Rdf1 Qd7 27. Kb1 a4 28. bxa4 Rxa4 29. Nb3 Rc8 30. Rxf5 Bxf5+ 31. Rxf5 e4 32. Rxh5 Qd3+ 33. Qxd3 exd3 34. Rd5 Rf8 35. Rxd3 Rf2 36. Rd2 Rf7 37. Nxg4 Ra6 38. Ne3 Re6 39. Nd5 Re1+ 40. Kc2 Be5 41. Nxb4 Bxg3 42. Nd5 Bxh4 43. c5 Bg5 44. Rd4 Re2+ 45. Kc3 Rxg2 46. c6 Bd8 47. Nc5 Rg3+ 48. Kc4 Rf2 49. b4 Rc2+ 50. Kb5 Rg7 51. Ne6 1-0


[Site "https://www.chess.com"]

[Event "Titled Tuesday Blitz August 31 2021"]
[White "Nasuta, Grzegorz"]
[Black "Terry, Renato"]
[WhiteFideId "1141686"]
[BlackFideId "3803457"]
[WhiteElo "2320"]
[BlackElo "2581"]
[Result "0-1"]
[Round "08"]
[TimeControl "180+1"]
[Date "2021.08.31"]
[WhiteClock "0:00:17"]
[BlackClock "0:01:08"]

1. e4 e6 2. d4 d5 3. Nc3 Nf6 4. Bg5 Bb4 5. e5 h6 6. Bd2 Bxc3 7. bxc3 Ne4 8. Qg4 g6 9. Qf4 c5 10. Bd3 g5 11. Qe3 Nxd2 12. Qxd2 Nc6 13. Ne2 c4 14. h4 cxd3 15. cxd3 gxh4 16. Qf4 Qg5 17. Rxh4 Qxf4 18. Nxf4 Ne7 19. Rh3 Ng6 20. Nh5 Bd7 21. Kd2 Rc8 22. Rb1 b5 23. a3 Ke7 24. Rbh1 Rc6 25. Nf6 Ra6 26. Rxh6 Rxh6 27. Rxh6 Rxa3 28. Rh7 a5 29. Rg7 b4 30. cxb4 axb4 31. Rg8 Ra2+ 32. Ke3 Nf8 33. Rh8 b3 34. Ng8+ Kd8 35. Nf6 b2 36. Rxf8+ Kc7 37. Nxd7 b1=Q 0-1


[Site "https://www.chess.com"]

[Event "Titled Tuesday Blitz August 31 2021"]
[White "Nazaretyan, Tigran"]
[Black "Richter, Nils"]
[WhiteFideId "24162345"]
[BlackFideId "12990809"]
[WhiteElo "2167"]
[BlackElo "2289"]
[Result "1-0"]
[Round "08"]
[TimeControl "180+1"]
[Date "2021.08.31"]
[WhiteClock "0:01:19"]
[BlackClock "0:01:10"]

1. d4 d5 2. c4 e6 3. Nf3 c6 4. Nbd2 Nf6 5. g3 Nbd7 6. Bg2 Be7 7. O-O O-O 8. Qc2 b6 9. e4 dxe4 10. Nxe4 Bb7 11. Rd1 Nxe4 12. Qxe4 Nf6 13. Qc2 Qc7 14. Bf4 Bd6 15. Be5 c5 16. Bxf6 gxf6 17. d5 Be5 18. Nxe5 Qxe5 19. dxe6 Bxg2 20. exf7+ Rxf7 21. Kxg2 Re8 22. Re1 Qxe1 23. Rxe1 Rxe1 24. Qf5 Re5 25. Qc8+ Kg7 26. h4 h5 27. a4 Rfe7 28. Qd8 Re2 29. b3 Re8 30. Qd5 Kg6 31. Qd3+ Kg7 32. Qf3 Kg6 33. Kh3 R8e5 34. Qd3+ Kg7 35. f4 Re7 36. Qf3 Kh6 37. f5 Rb2 38. Qc3 Ree2 39. Qxf6+ Kh7 40. Qg6+ Kh8 41. Qxh5+ Kg8 42. Qg6+ Kf8 43. f6 Rxb3 44. Qg7+ Ke8 45. f7+ Kd7 46. f8=Q+ 1-0


[Site "https://www.chess.com"]

[Event "Titled Tuesday Blitz August 31 2021"]
[White "Nilsen, Tobias Lang"]
[Black "Perez Gormaz, Matias"]
[WhiteFideId "1521624"]
[BlackFideId "3406342"]
[WhiteElo "1975"]
[BlackElo "2352"]
[Result "0-1"]
[Round "08"]
[TimeControl "180+1"]
[Date "2021.08.31"]
[WhiteClock "0:00:02"]
[BlackClock "0:00:02"]

1. e4 c5 2. Nf3 d6 3. d4 cxd4 4. Qxd4 Nf6 5. Nc3 Nc6 6. Bb5 Bd7 7. Bxc6 Bxc6 8. Bg5 e6 9. O-O-O Be7 10. Qd3 O-O 11. Nd4 Qa5 12. f4 Rfc8 13. g4 Be8 14. Bxf6 Bxf6 15. g5 Be7 16. h4 b5 17. Kb1 b4 18. Nce2 Rab8 19. f5 e5 20. Nb3 Qc7 21. f6 Bf8 22. g6 fxg6 23. fxg7 Bxg7 24. h5 a5 25. hxg6 hxg6 26. Nbc1 Bf7 27. Rdf1 a4 28. Qh3 Qxc2+ 29. Ka1 Rc7 30. Qh7+ Kf8 31. Qxg6 Qxc1+ 32. Nxc1 Rxc1+ 33. Rxc1 Bxg6 34. Rcf1+ Kg8 35. Rh4 Rf8 36. Rg1 Rf6 37. a3 b3 38. Rhg4 Kf7 39. Kb1 d5 40. Ka1 dxe4 41. Rc1 e3 42. Rc7+ Kg8 43. Rc8+ Bf8 44. Rf4 e2 45. Rxf8+ Kg7 46. Rf7+ Bxf7 47. Rg4+ Kf8 0-1


[Site "https://www.chess.com"]

[Event "Titled Tuesday Blitz August 31 2021"]
[White "Ovchinnikov, Vsevolod"]
[Black "Maksimovic, Bojan"]
[WhiteFideId "24176842"]
[BlackFideId "14408120"]
[WhiteElo "2529"]
[BlackElo "2709"]
[Result "0-1"]
[Round "08"]
[TimeControl "180+1"]
[Date "2021.08.31"]
[WhiteClock "0:00:05"]
[BlackClock "0:00:14"]

1. d4 Nf6 2. c4 a6 3. Nc3 c5 4. d5 b5 5. cxb5 axb5 6. Nxb5 d6 7. Nf3 g6 8. g3 Bg7 9. Nc3 O-O 10. Bg2 Nfd7 11. O-O Nb6 12. Qc2 N8d7 13. e4 Ba6 14. Rd1 Nc4 15. Nd2 Nce5 16. Nf1 Qa5 17. Ne3 Rfb8 18. Bf1 Nf3+ 19. Kg2 Nd4 20. Qd2 Ne5 21. Bxa6 Qxa6 22. f4 Nc4 23. Qf2 Na5 24. Rb1 Nc4 25. Qf1 Nxe3+ 26. Bxe3 Qxf1+ 27. Kxf1 Nc2 28. Bd2 Bxc3 29. bxc3 Rxb1 30. Rxb1 Rxa2 31. Rb7 Na3 32. Be1 Nc4 33. Bf2 Nd2+ 34. Kg1 Nxe4 35. Be3 Re2 0-1


[Site "https://www.chess.com"]

[Event "Titled Tuesday Blitz August 31 2021"]
[White "Palchuk, Andrii"]
[Black "Polivanov, Anatoliy"]
[WhiteFideId "14176688"]
[BlackFideId "14109468"]
[WhiteElo "2320"]
[BlackElo "2472"]
[Result "0-1"]
[Round "08"]
[TimeControl "180+1"]
[Date "2021.08.31"]
[WhiteClock "0:00:07"]
[BlackClock "0:00:13"]

1. e4 c5 2. Nf3 g6 3. d4 cxd4 4. Nxd4 Bg7 5. Be3 Nf6 6. Nc3 Nc6 7. f3 O-O 8. Bc4 Qb6 9. Bb3 Nxe4 10. Nd5 Qa5+ 11. c3 Nxd4 12. Bxd4 e5 13. Be3 Nc5 14. Bc2 Ne6 15. O-O Kh8 16. h4 Nd4 17. Nb4 Nxc2 18. Nxc2 d5 19. h5 Bf5 20. hxg6 fxg6 21. Qd2 Rad8 22. Bg5 Qb6+ 23. Kh2 Qxb2 24. Bxd8 Qxc2 25. Qg5 Qxc3 26. Rac1 Qb2 27. Rc7 e4 28. Kh1 exf3 29. gxf3 Bh3 30. Re1 Qf2 0-1


[Site "https://www.chess.com"]

[Event "Titled Tuesday Blitz August 31 2021"]
[White "Papasimakopoulos, Alexandros"]
[Black "Khusnutdinov, Rustam"]
[WhiteFideId "4244125"]
[BlackFideId "13701703"]
[WhiteElo "2352"]
[BlackElo "2571"]
[Result "1/2-1/2"]
[Round "08"]
[TimeControl "180+1"]
[Date "2021.08.31"]
[WhiteClock "0:00:23"]
[BlackClock "0:00:20"]

1. d4 d5 2. c4 e6 3. Nc3 Nf6 4. cxd5 exd5 5. Bg5 Be7 6. e3 c6 7. Bd3 Nbd7 8. Qc2 Nh5 9. Bxe7 Qxe7 10. O-O-O g6 11. h3 Ng7 12. Nf3 Nb6 13. g4 h5 14. Ne5 Be6 15. Na4 O-O-O 16. Nc5 g5 17. Ba6 bxa6 18. Nxc6 Qf6 19. Nxa7+ Kb8 20. Nc6+ Ka8 21. Qb3 Rb8 22. Nxa6 Bd7 23. Naxb8 Rxb8 24. Nxb8 Kxb8 25. Kb1 h4 26. f4 Kb7 27. Ka1 Ne6 28. Rhf1 Ba4 29. Qb4 Bxd1 30. Rxd1 gxf4 31. exf4 Qxf4 32. a4 Ka7 33. a5 Nc4 34. Qb5 Qf3 35. Rc1 Qe3 36. Rc3 Qd2 37. a6 Nd8 38. Ka2 Qxd4 39. Rb3 Nb6 40. Rc3 Qa4+ 41. Qxa4 Nxa4 42. Rc7+ Kxa6 43. Rd7 Nc6 44. Rxf7 Nc5 45. Rh7 d4 46. Rxh4 d3 47. Rh5 d2 48. Rxc5 d1=Q 49. Rxc6+ Kb5 50. Rc3 Qd4 51. Rb3+ Kc4 52. Rc3+ Kb4 53. Rb3+ Ka5 54. Ra3+ Kb5 55. Rb3+ Kc6 56. Rc3+ Kd5 57. Ka3 Qa7+ 58. Kb3 Qh7 59. Ka2 Kd4 60. Kb3 Qb1 61. Ka3 Qa1+ 62. Kb3 Qd1+ 63. Ka3 Qf1 64. Ka2 Qa6+ 65. Kb1 Qg6+ 66. Ka1 Qa6+ 67. Kb1 Qa4 68. Kc1 Qa1+ 69. Kc2 Qe1 70. Rd3+ Kc4 71. Rc3+ Kd4 72. Rd3+ Ke4 73. Rc3 Qe2+ 74. Kb3 Qb5+ 75. Ka3 Kd4 76. Ka2 Qa4+ 77. Kb1 Qd1+ 78. Ka2 Qa4+ 79. Kb1 Qd1+ 80. Ka2 Qa4+ 1/2-1/2


[Site "https://www.chess.com"]

[Event "Titled Tuesday Blitz August 31 2021"]
[White "Ponikarovsky, Alexey"]
[Black "Mezentsev, Ivan"]
[WhiteFideId "4122887"]
[BlackFideId "13706195"]
[WhiteElo "2733"]
[BlackElo "2591"]
[Result "1/2-1/2"]
[Round "08"]
[TimeControl "180+1"]
[Date "2021.08.31"]
[WhiteClock "0:01:02"]
[BlackClock "0:00:05"]

1. e4 d5 2. exd5 Nf6 3. c4 c6 4. d4 cxd5 5. Nf3 Nc6 6. Nc3 e6 7. cxd5 Nxd5 8. Bb5 Bb4 9. Bd2 O-O 10. O-O Nce7 11. Bd3 Ng6 12. Rc1 Ndf4 13. Bb1 b6 14. a3 Bd6 15. Ne4 Bb7 16. Nxd6 Qxd6 17. Bb4 Qd5 18. Bxf8 Nxg2 19. Bxg6 Nh4 20. Bxf7+ Kxf8 21. Rc3 Kxf7 22. Ne5+ Kg8 23. f3 Nf5 24. Rd3 Ba6 25. Qb3 Bxd3 26. Qxd5 exd5 27. Nxd3 Nxd4 28. Nb4 Rd8 29. Kf2 a5 30. Rd1 axb4 31. Rxd4 bxa3 32. bxa3 Kf7 33. Rb4 Rd6 34. Ke3 Ke6 35. Kd4 Kd7 36. Rb2 Kc6 37. Rc2+ Kb5 38. Rc7 Rh6 39. Rxg7 Rxh2 40. Kxd5 Rh3 41. f4 Rxa3 42. Rxh7 Rf3 1/2-1/2


[Site "https://www.chess.com"]

[Event "Titled Tuesday Blitz August 31 2021"]
[White "Prraneeth Vuppala"]
[Black "Rodriguez Hernandez, Luis Daniel"]
[WhiteFideId "46622373"]
[BlackFideId "3506770"]
[WhiteElo "1759"]
[BlackElo "2133"]
[Result "0-1"]
[Round "08"]
[TimeControl "180+1"]
[Date "2021.08.31"]
[WhiteClock "0:00:01"]
[BlackClock "0:00:03"]

1. e4 e5 2. Nf3 Nc6 3. Bc4 Nf6 4. Ng5 d5 5. exd5 Nd4 6. d6 Qxd6 7. Nxf7 Qc6 8. O-O Qxc4 9. Nxh8 Nxc2 10. b3 Qc6 11. Bb2 Nxa1 12. Bxe5 Nc2 13. Bxf6 gxf6 14. Qh5+ Kd8 15. Nf7+ Ke7 16. Qxh7 Bf5 17. Qxf5 Kxf7 18. Nc3 Na3 19. Ne4 Bh6 20. f4 Rh8 21. Ng5+ Bxg5 22. fxg5 Nb5 23. gxf6 Nd6 24. Qg5 Rg8 25. Qh5+ Ke6 26. Re1+ Kd7 27. Qh3+ Kd8 28. g3 Qc5+ 29. Kh1 Qd5+ 30. Kg1 Qd4+ 31. Kh1 Qxd2 32. Rf1 Qd5+ 33. Kg1 Qd4+ 34. Kh1 Rf8 35. Qh6 Qd5+ 36. Kg1 Qc5+ 37. Kh1 Qd5+ 38. Kg1 Qf7 39. Qf4 Kc8 40. g4 Rg8 41. g5 Qh5 42. f7 Rxg5+ 43. Kh1 Nxf7 44. Qxf7 Qxf7 45. Rxf7 b6 46. h4 Rg4 47. Rh7 Rd4 48. h5 Kb7 49. h6 a5 50. Rh8 b5 51. Kg2 Rh4 52. Kg3 Rh1 0-1


[Site "https://www.chess.com"]